AoeStats
← ulisesbazan

Arabia

508335508Analyzed
1v1 RM · 9d ago on Sep 22, 2026· 104m 58s· 2 players
Game mode
Random Map
Map size
Tiny (2 player)
Population
200
Speed
Normal
Resources
Standard
Victory
Conquest
Starting age
Dark Age
Ending age
Imperial Age
RankedLock teamsTeams togetherTeam positionsShared explorationLock speedFull tech treeHidden civsTurbo modeCheats
Victory
Defeat
🇧🇷 Britons · Brazil
672
+17
🇦🇷 Aztecs · Argentina
693
-17
guilherme
9:42 Feudal Age
10:25 Double-Bit Axe
10:23 Horse Collar
11:44 Loom
20:42 Arson
21:34 Gold Mining
24:50 Castle Age
22:57 Padded Archer Armor
22:48 Fletching
23:06 Man-at-Arms
26:45 Leather Archer Armor
29:19 Gambesons
28:55 Long Swordsman
29:14 Crossbowman
30:04 Elite Skirmisher
38:25 Town Watch
39:15 Wheelbarrow
48:07 Imperial Age
49:25 Hoardings
49:31 Bow Saw
49:35 Heavy Plow
49:41 Capped Ram
52:15 Warwolf
52:12 Arbalester
53:38 Conscription
53:16 Murder Holes
54:13 Town Patrol
54:29 Hand Cart
54:58 Onager
55:48 Light Cavalry
56:29 Husbandry
58:35 Siege Engineers
58:12 Two-Handed Swordsman
61:28 Chemistry
62:53 Two-Man Saw
62:37 Coinage
66:32 Yeomen
68:45 Bodkin Arrow
68:51 Scale Mail Armor
69:02 Forging
83:45 Ring Archer Armor
92:33 Scale Barding Armor
95:07 Ballistics
95:41 Banking
99:03 Chain Barding Armor
98:44 Bracer
ulisesbazan
5:29 Loom
11:21 Feudal Age
12:31 Double-Bit Axe
13:09 Horse Collar
15:11 Gold Mining
15:24 Fletching
17:03 Town Watch
18:50 Stone Mining
25:09 Castle Age
25:35 Forging
26:36 Town Patrol
27:04 Bow Saw
26:35 Eagle Warrior
26:40 Elite Skirmisher
26:42 Crossbowman
35:26 Wheelbarrow
35:33 Wheelbarrow
37:59 Ballistics
38:11 Hand Cart
39:40 Bodkin Arrow
40:22 Iron Casting
42:24 Imperial Age
42:13 Heavy Plow
43:31 Gold Shaft Mining
45:06 Chemistry
45:37 Blast Furnace
46:30 Bracer
47:59 Crop Rotation
47:33 Heated Shot
47:48 Padded Archer Armor
49:45 Elite Jaguar Warrior
56:06 Elite Eagle Warrior
63:46 Stone Shaft Mining
74:12 Caravan
76:33 Pikeman
77:14 Squires
80:31 Scale Mail Armor
80:56 Leather Archer Armor
97:18 Chain Mail Armor
Connection lost

Rejoining the realm…

Still unreachable

The connection could not be restored.

Session expired

The server has moved on; the page needs a fresh start.